 Seeded DCSS version 0.29.1-4-g47bece8355 (webtiles) character file.

Game seed: 15482173601955151116 (custom seed)

86 kingsuperguy the Shield-Bearer (level 4, 0/41 HPs)
             Began as a Minotaur Fighter on Dec 7, 2022.
             Killed by divine providence
             ... invoked by an orc priest
              (11 damage)
             ... on level 3 of the Dungeon.
             The game lasted 00:01:05 (1740 turns).

kingsuperguy the Shield-Bearer (Minotaur Fighter)   Turns: 1740, Time: 00:01:06

Health: 0/41       AC:  7    Str: 22    XL:     4   Next: 27%
Magic:  3/3        EV:  9    Int:  5    God:
Gold:   82         SH:  4    Dex: 10    Spells: 3/3 levels left

rFire   . . .      SeeInvis .   a - +0 war axe
rCold   . . .      Faith    .   c - +0 buckler
rNeg    . . .      Spirit   .   b - +0 scale mail
rPois   .          Reflect  .   (helmet restricted)
rElec   .          Harm     .   (no cloak)
rCorr   .          Rampage  .   (no gloves)
Will    .....                   (no boots)
Stlth   ..........              (no amulet)
HPRegen 0.13/turn               (no ring)
MPRegen 0.08/turn               (no ring)

@: lethally poisoned (0 -> -10)
A: horns 2, retaliatory headbutt
a: no special abilities


You were on level 3 of the Dungeon.
You visited 1 branch of the dungeon, and saw 3 of its levels.

You collected 82 gold pieces.

Inventory:

Hand Weapons
 a - a +0 war axe (weapon)
Armour
 b - a +0 scale mail (worn)
 c - a +0 buckler (worn)
Jewellery
 g - a +6 ring of intelligence
 l - a +6 ring of intelligence
 m - an amulet of the acrobat
Wands
 q - a wand of charming (11)
Scrolls
 f - 2 scrolls of identify {unknown}
 i - a scroll of enchant weapon {unknown}
 n - a scroll of teleportation {unknown}
 r - a scroll of noise {unknown}
Potions
 d - 2 potions of might
 e - a potion of resistance {unknown}
 h - a potion of heal wounds {unknown}
 j - 3 potions of curing {unknown}
 k - a potion of haste {unknown}
 o - a potion of magic {unknown}
 p - a potion of brilliance {unknown}


   Skills:
 + Level 4.4 Fighting
 + Level 3.4 Axes
 + Level 4.3 Armour
 + Level 4.4 Shields


You had 3 spell levels left.
You didn't know any spells.
Your spell library contained the following spells:

 Spells                   Type           Power      Damage    Failure   Level
 Ozocubu's Armour         Ice            0%         N/A       99%         3
 Ozocubu's Refrigeration  Ice            0%         4d7       100%        7


Dungeon Overview and Level Annotations

Branches:
Dungeon (3/15)

Altars:


Innate Abilities, Weirdness & Mutations

You have a pair of horns on your head.
You reflexively headbutt those who attack you in melee.


Message History

You kill the kobold!
The kobold misses you.
A kobold is nearby!
You hit the kobold.
The kobold is heavily wounded.
You block the kobold's attack. The kobold hits you but does no damage.
A kobold is nearby!
You hit the kobold.
You kill the kobold!
No target in view!
j - 3 white potions (gained 1)
An orc priest comes into view. It is wielding a +2 dagger of venom.
The orc priest calls down the wrath of Beogh upon you.
Beogh smites you!
You hear a shout!
An orc comes into view. It is wielding a +0 club.
The orc shouts!
You hear a shout!
There are monsters nearby!
There are monsters nearby!
An orc comes into view. It is wielding a +3 flail.
The orc shouts!
An orc priest comes into view. It is wielding a +0 short sword.
The orc priest shouts!
You hit the orc priest.
The orc priest is lightly wounded.
The orc priest hits you with a +2 dagger of venom.
You are poisoned.
You are too injured to fight recklessly!
You are too injured to fight recklessly!
Unknown command.
You slash the orc priest!
The orc priest is almost dead.
You barely miss the orc.
You feel very sick.
The orc priest hits you with a +2 dagger of venom.
* * * LOW HITPOINT WARNING * * *
The orc hits you but does no damage.
The orc priest invokes the aid of Beogh against you.
Beogh smites you!
You die...

#######'#.#.##.#.#.#
#>.......).....#....
#.##.).........#...#
#.##...........#...#
#.#.........##.###.#
####.#.........##......
#......................
#.............#........
#.o.oo@....#.##........
......o..####.######....
##.......# #...........
######### ########....
##### . .. ...


You could see 2 orc priests and 2 orcs.

Vanquished Creatures
  4 adders
  A worm (D:2)
  2 dart slugs
  6 bats
  2 giant cockroaches
  3 hobgoblins
  3 ball pythons (D:1)
  4 frilled lizards (D:1)
  7 goblins
  8 kobolds
  7 rats
47 creatures vanquished.

Notes
Turn   | Place    | Note
-------+----------+-------------------------------------------
     0 | D:1      | kingsuperguy the Minotaur Fighter began the quest for the
                  | Orb.
     0 | D:1      | Reached XP level 1. HP: 19/19 MP: 0/0
   166 | D:1      | Reached XP level 2. HP: 27/27 MP: 1/1
   859 | D:2      | Reached XP level 3. HP: 33/33 MP: 2/2
  1198 | D:2      | Found a faded altar of an unknown god.
  1563 | D:3      | Reached XP level 4. HP: 41/41 MP: 3/3
  1740 | D:3      | Killed from afar by an orc priest

Illustrated notes

Levels and vault maps discovered:
D:1:      sevenhm_arrival_forest_fort_small_3, layout_basic
D:2:      layout_loops_cross, serial_forest, infiniplex_forest_end_3,
          infiniplex_forest_clump_small, infiniplex_forest_lined_2,
          infiniplex_forest_end_1, infiniplex_forest_lined_corner,
          nicolae_ecumenical_pavilion
D:3:      layout_basic, trog_book, hangedman_glass_teeth

Skill      XL: |  1  2  3 |
---------------+----------+-----
Shields        | 4 |  4.4
Fighting       | 4 |  4.4
Armour         | 4 |  4.3
Axes           | 3 |  3.4

Action                   |  1- 3 |  4- 6 || total
-------------------------+-------+-------++-------
Melee: War axe           |    79 |    19 ||    98
       Headbutt          |     9 |     1 ||    10
Armor: Scale mail        |    48 |    11 ||    59
Dodge: Dodged            |    42 |     7 ||    49
Block: Buckler           |    14 |     2 ||    16
